 Dungeon Crawl Stone Soup version 0.20.0-10-g0535bb4 (webtiles) character file.

167 Gorglomux the Vandal (level 5, -9/34 HPs)
             Began as a Halfling Air Elementalist on June 7, 2017.
             Engulfed by a cloud of flame (14 damage)
             ... on level 3 of the Dungeon.
             The game lasted 00:07:50 (3139 turns).

Gorglomux the Vandal (Halfling Air Elementalist)    Turns: 3139, Time: 00:07:50

Health: -9/34      AC:  3    Str:  9    XL:     5   Next: 76%
Magic:  7/7        EV: 16    Int: 13    God:
Gold:   88         SH:  0    Dex: 16    Spells: 6/7 levels left

rFire    . . .     SeeInvis .   a - +0 hunting sling (velocity)
rCold    . . .     Gourm    .   (shield restricted)
rNeg     . . .     Faith    .   v - +0 robe
rPois    .         Spirit   .   (no helmet)
rElec    .         Reflect  .   (no cloak)
rCorr    .         Harm     .   (no gloves)
MR       .....                  j - +0 pair of boots
Stlth    ++........             (no amulet)
Regen    0.2/turn               (no ring)
MPRegen  0.1/turn               (no ring)

@: no status effects
A: mutation resistance 1
a: no special abilities


You were on level 3 of the Dungeon.
You were not hungry.

You visited 1 branch of the dungeon, and saw 3 of its levels.

You collected 88 gold pieces.

Inventory:

Hand Weapons
 a - a +0 hunting sling of velocity (weapon)
 b - a +0 dagger
Missiles
 e - 71 stones (quivered)
Armour
 j - a +0 pair of boots (worn)
 v - a +0 robe (worn)
Jewellery
 p - an uncursed ring of protection from fire {unknown}
 t - an uncursed ring of protection from fire {unknown}
 R - an uncursed ring of wizardry {unknown}
Scrolls
 k - a scroll of fear {unknown}
 m - a scroll of remove curse {unknown}
 n - a scroll of enchant armour {unknown}
 s - a scroll of random uselessness {unknown}
 T - a scroll of recharging {unknown}
Potions
 l - a potion of resistance {unknown}
 r - a potion of cancellation
 Q - a potion of curing
 U - a potion of heal wounds {unknown}
Books
 d - a book of Air

   Spells                             Type                      Level
   a - Shock                          Conjuration/Air              1
   b - Swiftness                      Charms/Air                   2
   c - Static Discharge               Conjuration/Air              3
   d - Airstrike                      Air                          4
   e - Lightning Bolt                 Conjuration/Air              5
Comestibles
 c - 3 bread rations
 h - a royal jelly
 V - 3 chunks of flesh


   Skills:
 - Level 2.1 Fighting
 - Level 1.0 Short Blades
 + Level 4.4 Slings
 - Level 3.6 Dodging
 - Level 2.1 Stealth
 - Level 1.5 Spellcasting
 - Level 0.7 Conjurations
 - Level 3.0 Air Magic


You had 6 spell levels left.
You knew the following spells:

 Your Spells              Type           Power        Failure   Level  Hunger
a - Shock                 Conj/Air       #...         12%         1    ##.....


Dungeon Overview and Level Annotations

Branches:
Dungeon (3/15)

Altars:


Innate Abilities, Weirdness & Mutations

You are small and have problems with some larger weapons.
You are somewhat resistant to further mutation.


Message History

As you read the scroll labeled NOR PEERGHUIX, it crumbles to dust.
The creatures around you are filled with an inner flame!
It was a scroll of immolation.
The frilled lizard completely misses you.
Firing (i - inventory):
e - 73 stones (quivered)
Press: ? - help, Shift-Dir - straight line, f/p - frilled lizard
Aim: a frilled lizard (inner flame)
You shoot a stone.
The stone barely misses the frilled lizard.
Unknown command.
Firing (i - inventory):
e - 72 stones (quivered)
Press: ? - help, Shift-Dir - straight line, f/p - frilled lizard
Aim: a frilled lizard (inner flame)
You shoot a stone. The stone hits the frilled lizard.
The frilled lizard explodes!
The fiery explosion engulfs you!
Ouch! That really hurt!
* * * LOW HITPOINT WARNING * * *
You are engulfed in blazing flames.
You die...

####### ..%.(.
..# ....####.# #
#§§...##(########
....####§#
#.##.#.......
#....@§#
#.##.#.######
######.###.##<#.#
#......#)#.######
#####..#.........
#..###.#####.
#..# #.# #.
#####..###.#####.
#................
#.###..###.#####.


There were no monsters in sight!

Vanquished Creatures
  An orc wizard (D:3)
  Robin (D:2)
  3 adders
  An ooze (D:3)
  3 dart slugs
  5 leopard geckos
  4 orcs (D:3)
  A ball python (D:2)
  2 giant cockroaches
  16 goblins
  9 hobgoblins
  9 kobolds
  2 quokkas (D:3)
  9 bats
  5 frilled lizards
  9 rats
80 creatures vanquished.

Notes
Turn   | Place    | Note
-------+----------+-------------------------------------------
     0 | D:1      | Gorglomux the Halfling Air Elementalist began the quest for the Orb.
     0 | D:1      | Reached XP level 1. HP: 11/11 MP: 3/3
   121 | D:1      | Reached XP level 2. HP: 6/18 MP: 0/4
   345 | D:1      | Reached skill level 1 in Fighting
   657 | D:1      | Reached XP level 3. HP: 23/23 MP: 1/5
   754 | D:1      | Reached skill level 3 in Dodging
  1186 | D:2      | Reached XP level 4. HP: 24/29 MP: 1/6
  1927 | D:2      | Reached skill level 1 in Short Blades
  1966 | D:2      | Noticed Robin
  1991 | D:2      | Killed Robin
  1991 | D:2      | Reached skill level 1 in Slings
  2014 | D:2      | Reached skill level 2 in Slings
  2014 | D:2      | Reached XP level 5. HP: 16/34 MP: 7/7
  2626 | D:3      | Reached skill level 3 in Slings
  2761 | D:3      | Reached skill level 4 in Slings
  3139 | D:3      | Engulfed by a cloud of flame

Skill      XL: |  1  2  3  4  5 |
---------------+----------------+-----
Fighting       | 1 2 |  2.1
Dodging        | 3 |  3.6
Short Blades   | 1 |  1.0
Slings         | 2 4 |  4.4
Stealth        | |  2.1
Spellcasting   | |  1.5
Conjurations   | |  0.7
Air Magic      | |  3.0

Action                   |  1- 3 |  4- 6 || total
-------------------------+-------+-------++-------
Melee: Dagger            |    40 |    80 ||   120
       Unarmed           |     5 |       ||     5
 Fire: Hunting sling     |       |    96 ||    96
 Cast: Shock             |    59 |    40 ||    99
  Use: Potion            |       |     3 ||     3
       Scroll            |       |     1 ||     1
 Stab: Sleeping          |       |     1 ||     1
  Eat: Chunk             |     2 |     8 ||    10
Armor: Robe              |    17 |    35 ||    52
       Skin              |       |    23 ||    23
Dodge: Dodged            |    60 |   136 ||   196
